[Event "European Online Club-ch-H 2021"]
[Site "Online"]
[Date "2021.03.27"]
[Round "9.15"]
[White "Zambor, Norbert"]
[Black "Wagner, Dennis"]
[Result "0-1"]
[ECO "C84"]
[WhiteElo "2260"]
[BlackElo "2581"]
[Annotator "ChessBase"]
[PlyCount "124"]
[EventDate "2021.03.27"]
[EventType "team-tourn"]
[EventCountry "NET"]
[SourceTitle "playchess.com"]
[Source "ChessBase"]
[SourceQuality "1"]
[TimeControl "900+5"]

1. e4 e5 2. Nf3 Nc6 3. Bb5 a6 4. Ba4 Nf6 5. d4 exd4 6. O-O Be7 7. e5 Ne4 8. Nxd4 O-O 9. Nf5 d5 10. Bxc6 bxc6 11. Nxe7+ Qxe7 12. Re1 Re8 13. f3 Nd6 14. b3 f6 15. Bb2 Nf7 16. f4 fxe5 17. fxe5 Be6 18. Nd2 Rad8 19. Kh1 Nh6 20. Nf3 c5 21. Qe2 Bg4 22. Rf1 Nf5 23. Rae1 Qe6 24. Qf2 d4 25. Bc1 h6 26. Bf4 Rf8 27. h3 Bxf3 28. Qxf3 Ne3 29. Rf2 Rf7 30. Qg3 Nd5 31. Bd2 Rxf2 32. Qxf2 Rf8 33. Qe2 Rf5 34. Kg1 Ne7 35. Qe4 Nc6 36. Bf4 Rf8 37. Bg3 Ne7 38. Kh2 Nd5 39. a3 Ne3 40. Bf4 Nd5 41. Bg3 Rf7 42. b4 cxb4 43. axb4 Nxb4 44. Re2 c5 45. Rf2 Rxf2 46. Bxf2 Nc6 47. Bg3 a5 48. Qe2 Nb4 49. Qb5 Nxc2 50. Qxc5 Ne3 51. Bf4 Qd5 52. Qc8+ Kh7 53. Bxe3 Qxe5+ 54. Kh1 dxe3 55. Qc2+ g6 56. Qa2 Qe7 57. Qe2 a4 58. Kg1 a3 59. Kf1 Qf6+ 60. Ke1 Qa1+ 61. Qd1 Qxd1+ 62. Kxd1 a2 0-1

[Event "European Online Club-ch-H 2021"]
[Site "Online"]
[Date "2021.03.27"]
[Round "9.16"]
[White "Buhmann, Rainer"]
[Black "Kusiak, Matej"]
[Result "0-1"]
[ECO "E14"]
[WhiteElo "2580"]
[BlackElo "2251"]
[Annotator "ChessBase"]
[PlyCount "54"]
[EventDate "2021.03.27"]
[EventType "team-tourn"]
[EventCountry "NET"]
[SourceTitle "playchess.com"]
[Source "ChessBase"]
[SourceQuality "1"]
[TimeControl "900+5"]

1. d4 e6 2. Nf3 Nf6 3. c4 Bb4+ 4. Nbd2 O-O 5. e3 d5 6. a3 Be7 7. Bd3 c5 8. b3 cxd4 9. exd4 Nc6 10. Bb2 b6 11. O-O Bb7 12. Rc1 dxc4 13. bxc4 Rc8 14. Qe2 Qd7 15. Rfd1 Rfd8 16. Bb1 Qe8 17. Ne4 Na5 18. Nfg5 Nxe4 19. Nxe4 Qa4 20. d5 Rxc4 21. Qg4 g6 22. Qf4 Rxe4 23. Bxe4 Bxd5 24. Rxd5 Rxd5 25. Qb8+ Rd8 26. Qe5 Qd1+ 27. Rxd1 Rxd1# 0-1

[Event "European Online Club-ch-H 2021"]
[Site "Online"]
[Date "2021.03.27"]
[Round "9.17"]
[White "Vaisser, Anatoly"]
[Black "Kuzubov, Yuriy"]
[Result "0-1"]
[ECO "E48"]
[WhiteElo "2501"]
[BlackElo "2642"]
[Annotator "ChessBase"]
[PlyCount "64"]
[EventDate "2021.03.27"]
[EventType "team-tourn"]
[EventCountry "NET"]
[SourceTitle "playchess.com"]
[Source "ChessBase"]
[SourceQuality "1"]
[TimeControl "900+5"]

1. d4 Nf6 2. c4 e6 3. Nc3 Bb4 4. e3 O-O 5. Bd3 c5 6. Nge2 d5 7. cxd5 cxd4 8. exd4 Nxd5 9. O-O Nc6 10. Be4 Re8 11. Nxd5 exd5 12. Bf3 Bf5 13. Ng3 Be4 14. Bxe4 dxe4 15. a3 Bf8 16. d5 Ne7 17. Nxe4 Qxd5 18. Nc3 Qc6 19. Bf4 Rad8 20. Qb3 Nf5 21. Qb5 Qc8 22. Rac1 Nd4 23. Qa4 Qg4 24. Bc7 Ne2+ 25. Kh1 Qxa4 26. Nxa4 Rd4 27. Nc3 Nxc1 28. Rxc1 Rd2 29. Bg3 Rxb2 30. h3 Bxa3 31. Ra1 Rb3 32. Nd5 Bc5 0-1

[Event "European Online Club-ch-H 2021"]
[Site "Online"]
[Date "2021.03.27"]
[Round "9.18"]
[White "Baklan, Vladimir"]
[Black "Kirszenberg, Marc"]
[Result "1-0"]
[ECO "B12"]
[WhiteElo "2587"]
[BlackElo "2130"]
[Annotator "ChessBase"]
[PlyCount "77"]
[EventDate "2021.03.27"]
[EventType "team-tourn"]
[EventCountry "NET"]
[SourceTitle "playchess.com"]
[Source "ChessBase"]
[SourceQuality "1"]
[TimeControl "900+5"]

1. e4 c6 2. d4 d5 3. e5 Bf5 4. Be2 e6 5. Nf3 c5 6. O-O Nc6 7. c3 cxd4 8. Nxd4 Nge7 9. Nxf5 Nxf5 10. Bd3 Be7 11. Qe2 O-O 12. Nd2 a6 13. Nf3 Rc8 14. g3 Qd7 15. Rd1 Rfd8 16. h4 g6 17. h5 Bf8 18. Bg5 Re8 19. Kg2 Bg7 20. hxg6 fxg6 21. Rh1 Rf8 22. Rad1 Rf7 23. Bf4 h5 24. Ng5 Rff8 25. Rh3 Qe8 26. Bc2 Rd8 27. Nf3 Rd7 28. a4 Qb8 29. b4 Qe8 30. b5 Nb8 31. Nd4 Rc7 32. Nxf5 exf5 33. Bb3 Rxc3 34. Bxd5+ Kh7 35. Rdh1 Nd7 36. Rxh5+ gxh5 37. Rxh5+ Kg6 38. Rg5+ Kh6 39. Qe1 1-0

[Event "European Online Club-ch-H 2021"]
[Site "Online"]
[Date "2021.03.27"]
[Round "9.19"]
[White "Coupet, Pascal"]
[Black "Brodsky, Michail"]
[Result "1/2-1/2"]
[ECO "B50"]
[WhiteElo "2233"]
[BlackElo "2524"]
[Annotator "ChessBase"]
[PlyCount "67"]
[EventDate "2021.03.27"]
[EventType "team-tourn"]
[EventCountry "NET"]
[SourceTitle "playchess.com"]
[Source "ChessBase"]
[SourceQuality "1"]
[TimeControl "900+5"]

1. e4 c5 2. Nf3 d6 3. c3 Nf6 4. Bc4 Nc6 5. d3 a6 6. Bb3 Bg4 7. O-O e6 8. h3 Bh5 9. Be3 Be7 10. Nbd2 d5 11. g4 Bg6 12. e5 Nd7 13. d4 c4 14. Bc2 b5 15. b3 Nb6 16. bxc4 Nxc4 17. a4 O-O 18. axb5 axb5 19. Bxg6 hxg6 20. Qb3 Rb8 21. Ra6 N6a5 22. Qa2 Ra8 23. Rxa8 Qxa8 24. Rb1 Rb8 25. Nxc4 dxc4 26. Nd2 Bd8 27. Qa3 Qd5 28. f3 Nc6 29. Ne4 Be7 30. Qa6 b4 31. Kf2 Rd8 32. Qb7 Rb8 33. Qa6 Rd8 34. Qb7 1/2-1/2